Map: Ascension to Aiur LE

Players

MaNa - Winner!

  • Race: Protoss Protoss
  • Spawn Location: 11:00

Serral

  • Race: Zerg Zerg
  • Spawn Location: 5:00

Event: WCS Jonkoping 2017

VOD

Have the link to the VOD?

Description

Time

  • Played on: June 17, 2017, 1:42 p.m.
  • Length: 14:29

All games in this series

Show
View Real Time Build Order
Export as new Build Order

MaNa Protoss - Winner!

Build Orders: Oracle Opening 

Get SALT Encoding   

  12  0:00  Probe (Chrono Boost)  
  13  0:11  Probe (Chrono Boost)  
  14  0:17  Pylon  
  14  0:22  Probe (Chrono Boost)  
  16  0:36  Probe (Chrono Boost)  
  16  0:39  Gateway  
  16  0:46  Probe (Chrono Boost)  
  17  0:53  Forge  
  18  0:57  Probe (Chrono Boost)  
  18  1:09  Pylon  
  18  1:10  Probe (Chrono Boost)  
  19  1:23  Assimilator  
  19  1:26  Zealot (Chrono Boost)  
  19  1:29  Photon Cannon  
  21  1:39  Photon Cannon  
  21  1:49  Cybernetics Core  
  21  1:52  Probe  
  22  2:04  Photon Cannon  
  22  2:07  Probe  
  23  2:14  Assimilator  
  23  2:19  Probe (Chrono Boost)  
  23  2:31  Probe (Chrono Boost)  
  24  2:47  Probe (Chrono Boost), Stargate, Adept  
  27  2:57  Pylon  
  28  3:04  Mothership Core (Chrono Boost)  
  29  3:16  Adept  
  29  3:25  Probe (Chrono Boost)  
  30  3:36  Oracle (Chrono Boost)  
  33  3:43  Pylon  
  33  3:53  Nexus  
  33  3:58  Probe (Chrono Boost)  
  34  4:06  Sentry  
  36  4:10  Probe (Chrono Boost)  
  36  4:18  Twilight Council  
  36  4:20  Probe (Chrono Boost)  
  37  4:24  Pylon  
  37  4:30  Warp Gate  
  37  4:31  Probe (Chrono Boost)  
  38  4:41  Probe (Chrono Boost)  
  38  4:43  Phoenix  
  41  4:52  Pylon  
  41  4:55  Probe (Chrono Boost)  
  42  5:03  Resonating Glaives (Chrono Boost)  
  42  5:06  Probe (Chrono Boost)  
  43  5:08  Probe (Chrono Boost)  
  44  5:16  Probe  
  44  5:17  Probe  
  44  5:19  Gateway  
  46  5:23  Gateway  
  46  5:30  Gateway  
  46  5:32  Probe  
  46  5:33  Probe  
  48  5:43  Probe  
  48  5:44  Probe  
  50  5:54  Probe  
  50  5:56  Probe  
  52  6:00  Pylon  
  52  6:04  Probe  
  52  6:05  Robotics Facility  
  52  6:09  Probe  
  54  6:20  Pylon  
  54  6:21  Probe  
  54  6:22  Probe  
  56  6:25  Nexus  
  56  6:32  Adept  
  56  6:33  Adept x3  
  56  6:37  Probe  
  56  6:38  Probe  
  65  6:47  Probe  
  65  6:48  Protoss Ground Weapons Level 1 (Chrono Boost), Assimilator  
  65  6:50  Probe  
  67  6:58  Adept x4  
  75  7:03  Warp Prism  
  75  7:05  Probe  
  78  7:22  Pylon  
  78  7:24  Pylon, Assimilator  
  78  7:30  Gateway  
  78  7:31  Gateway  
  78  7:35  Probe  
  78  7:37  Probe  
  78  7:41  Probe  
  75  7:46  Probe  
  75  7:47  Adept  
  75  7:48  Adept x2  
  75  7:49  Probe  
  83  7:52  Probe  
  83  7:57  Probe  
  82  8:01  Probe  
  84  8:10  Probe  
  75  8:14  Immortal (Chrono Boost)  
  75  8:16  Robotics Facility  
  73  8:28  Probe x2  
  73  8:29  Templar Archives  
  73  8:31  Sentry x3  
  73  8:33  Assimilator  
  73  8:34  Assimilator  
  81  8:36  Adept x3  
  81  8:39  Pylon  
  87  8:42  Protoss Ground Weapons Level 2 (Chrono Boost)  
  87  8:48  Probe  
  87  8:51  Immortal (Chrono Boost)  
  92  8:57  Probe, Adept x4  
  92  8:58  Probe  
  102  9:04  Adept  
  102  9:05  Adept  
  106  9:12  Probe x2  
  106  9:15  Gateway  
  106  9:17  Gateway  
  106  9:18  Pylon  
  106  9:19  Observer (Chrono Boost)  
  107  9:25  High Templar x2  
  111  9:37  Immortal x2 (Chrono Boost)  
  115  9:47  Probe x2  
  115  9:57  High Templar x2  
  117  10:01  Charge (Chrono Boost)  
  117  10:02  Archon  
  117  10:03  Archon  
  117  10:12  Gateway, Immortal x2  
  125  10:23  Photon Cannon  
  125  10:35  Pylon, Nexus  
  125  10:39  Pylon  
  123  10:44  Pylon  
  123  10:46  Pylon  
  123  10:56  High Templar x4  
  130  11:00  Protoss Ground Weapons Level 3 (Chrono Boost)  
  130  11:01  Immortal, Archon  
  130  11:02  Immortal, Archon  
  138  11:13  Zealot x3, Photon Cannon  
  138  11:14  Psionic Storm  
  138  11:15  Zealot  
  145  11:31  Zealot x4  
  150  11:52  High Templar x2  
  146  11:55  High Templar  
  146  11:58  Probe x2  
  146  12:01  Photon Cannon  
  143  12:09  High Templar  
  143  12:12  Assimilator x2  
  143  12:13  Photon Cannon  
  145  12:15  Photon Cannon  
  145  12:17  Zealot, Photon Cannon  
  145  12:19  Immortal  
  147  12:24  Immortal  
  155  12:33  Zealot x7  
  167  12:42  Zealot x2  
  169  12:57  Oracle  
  172  13:00  Nexus  
  172  13:02  Observer  
  172  13:03  Pylon  
  171  13:06  Pylon  
  171  13:10  Pylon  
  171  13:11  Pylon  
  167  13:25  Probe x2  
  164  13:29  Probe, High Templar x5  
  164  13:30  Zealot, High Templar x3  
  179  13:34  Archon x3  
  179  13:35  Archon  
  179  13:37  Probe  
  163  13:51  Probe  
  163  13:52  Probe x3  
  167  13:58  Zealot  
  167  14:02  Zealot x4, Probe  
  177  14:04  Probe x3  
  181  14:16  Probe x2  
  167  14:17  Zealot  
Show
View Real Time Build Order
Export as new Build Order

Serral Zerg 

Build Orders: Hatch First 

Get SALT Encoding   

  12  0:01  Drone  
  13  0:13  Overlord  
  13  0:17  Drone  
  14  0:31  Drone x2  
  16  0:36  Drone  
  17  0:51  Hatchery  
  17  0:54  Drone  
  17  0:58  Drone  
  18  1:08  Extractor  
  17  1:12  Spawning Pool  
  17  1:16  Drone  
  17  1:20  Drone  
  18  1:29  Drone  
  19  1:39  Overlord  
  19  1:51  Drone  
  20  1:59  Queen  
  20  2:01  Zergling x2  
  23  2:03  Zergling x2  
  26  2:09  Metabolic Boost  
  26  2:12  Zergling x2  
  26  2:14  Zergling x2  
  28  2:19  Extractor  
  27  2:26  Evolution Chamber, Zergling x4  
  29  2:34  Overlord  
  29  2:39  Zergling x2  
  29  2:41  Queen  
  29  2:48  Zergling x2  
  30  3:01  Zergling x2  
  31  3:13  Zergling x4  
  31  3:15  Drone x2  
  34  3:25  Drone  
  35  3:33  Zerg Melee Weapons Level 1, Hatchery  
  34  3:35  Drone  
  34  3:39  Queen  
  37  3:46  Overlord  
  37  3:56  Overlord  
  37  4:06  Drone x3  
  40  4:10  Spore Crawler  
  39  4:20  Queen  
  39  4:21  Drone x2  
  39  4:23  Drone  
  44  4:38  Drone  
  45  4:43  Drone  
  46  4:48  Queen  
  46  4:51  Overlord  
  46  4:52  Drone  
  49  4:57  Overlord  
  46  5:03  Drone  
  46  5:05  Drone  
  46  5:06  Drone  
  48  5:09  Drone  
  48  5:13  Drone  
  49  5:15  Drone  
  49  5:19  Spore Crawler  
  49  5:22  Drone  
  49  5:23  Drone  
  51  5:29  Queen  
  51  5:34  Zergling x4  
  55  5:39  Drone  
  55  5:40  Baneling Nest  
  55  5:41  Drone  
  57  5:42  Drone  
  57  5:49  Drone  
  54  5:51  Drone x2  
  54  5:56  Drone x3  
  52  5:59  Drone  
  52  6:12  Hatchery  
  52  6:16  Queen  
  53  6:20  Drone x2  
  53  6:22  Drone  
  56  6:28  Lair  
  56  6:29  Drone  
  56  6:31  Drone  
  58  6:33  Drone  
  58  6:34  Drone  
  60  6:40  Overlord  
  60  6:42  Drone x2  
  60  6:45  Extractor x2  
  60  6:46  Extractor, Drone  
  59  6:49  Overlord  
  59  6:50  Drone  
  59  6:52  Drone  
  61  6:59  Drone x2  
  62  7:03  Drone  
  63  7:12  Spore Crawler  
  63  7:14  Overlord  
  62  7:16  Zergling x6  
  62  7:17  Zergling x2  
  62  7:19  Baneling x5  
  62  7:20  Baneling  
  66  7:25  Queen  
  66  7:29  Drone x4, Hydralisk Den  
  71  7:30  Drone  
  71  7:33  Zergling x2  
  73  7:43  Zergling x2  
  73  7:44  Zergling x6  
  70  7:57  Zergling x10  
  69  7:59  Drone x2  
  68  8:07  Drone x2  
  68  8:17  Zergling x2, Drone  
  68  8:18  Drone x2  
  68  8:19  Drone  
  71  8:20  Drone  
  71  8:21  Drone x3  
  71  8:26  Zerg Melee Weapons Level 2  
  72  8:30  Drone x2  
  72  8:32  Zergling x2, Drone  
  75  8:39  Drone  
  76  8:47  Overlord  
  76  8:49  Drone  
  76  8:50  Overlord  
  76  8:55  Drone x4  
  78  9:00  Drone  
  78  9:01  Drone x2  
  83  9:05  Hatchery  
  83  9:08  Muscular Augments  
  82  9:10  Extractor x2  
  82  9:11  Zergling x4  
  82  9:12  Zergling x4  
  83  9:25  Overlord  
  83  9:27  Zergling x8  
  83  9:28  Zergling x2  
  88  9:38  Zergling x2  
  82  9:39  Zergling x16  
  86  9:57  Drone x4  
  86  9:58  Drone x4  
  92  10:11  Drone x7  
  99  10:20  Hydralisk x4  
  107  10:33  Hatchery  
  107  10:34  Overseer  
  106  10:37  Hydralisk x3  
  106  10:41  Queen  
  113  10:48  Hydralisk x4  
  119  10:53  Zergling x2  
  119  10:54  Zergling x6  
  119  10:56  Baneling x5  
  119  10:57  Baneling x3  
  123  11:01  Overlord x2  
  122  11:09  Overlord  
  122  11:12  Zergling x10  
  127  11:19  Centrifical Hooks  
  124  11:26  Overlord x2  
  124  11:27  Drone x5  
  124  11:29  Zergling x2, Drone x2  
  124  11:30  Zergling x8  
  124  11:31  Baneling  
  124  11:32  Baneling x6, Zerg Missile Weapons Level 1  
  136  11:35  Baneling x2  
  136  11:36  Baneling x4  
  136  11:40  Zergling x6  
  136  11:41  Zergling x6  
  137  11:50  Hydralisk x2  
  137  11:51  Hydralisk x3  
  127  11:54  Baneling  
  127  11:55  Baneling x5  
  127  11:57  Baneling x3  
  127  11:59  Hydralisk x2  
  127  12:00  Zergling x4  
  128  12:06  Hydralisk x3  
  134  12:21  Hydralisk x5  
  134  12:22  Zergling x2  
  145  12:23  Zergling x14  
  145  12:26  Baneling x5  
  145  12:27  Baneling x5  
  152  12:34  Zergling x2  
  152  12:35  Zergling x14  
  159  12:44  Overlord  
  158  12:46  Zergling x14  
  158  12:47  Zergling x4  
  166  12:52  Drone x4  
  166  12:53  Spore Crawler  
  166  12:54  Spine Crawler  
  166  12:57  Zergling x2  
  166  12:58  Zergling x8  
  173  13:02  Drone  
  173  13:03  Drone  
  173  13:04  Infestation Pit  
  172  13:09  Zergling x12  
  176  13:25  Zergling x18  
  180  13:29  Baneling  
  180  13:30  Baneling x4  
  178  13:36  Baneling  
  162  13:43  Hydralisk  
  162  13:44  Hydralisk x5  
  162  13:45  Zergling x20  
  170  13:48  Baneling  
  170  13:49  Baneling x11  
  169  13:57  Spire  
  169  13:58  Baneling  
  169  13:59  Baneling x2  
  169  14:00  Baneling x10  
  168  14:04  Zergling x8  
  168  14:05  Zergling x20  
Tags
 
Add a new tag
Caveats
  • Supply blocks, unpowered buildings, or Contaminate may cause inaccurate times.
  • Supply counts are checked every 10 seconds.